 Dungeon Crawl Stone Soup version 0.24-a0-284-g9fb9971df1 (webtiles) character file.

Game seed: 14951180471945757197

276424 smash999 the Conqueror (level 19, -13/207 HPs)
             Began as a Minotaur Fighter on Apr 27, 2019.
             Was a High Priest of Okawaru.
             Killed from afar by a Hell Sentinel (34 damage)
             ... with damnation
             ... summoned by a deep elf demonologist
             ... on level 3 of the Elven Halls on May 6, 2019.
             The game lasted 06:13:34 (53964 turns).

smash999 the Conqueror (Minotaur Fighter)          Turns: 53964, Time: 06:13:34

Health: -13/207    AC: 33    Str: 28    XL:     19   Next: 58%
Magic:  0/27       EV: 23    Int:  5    God:    Okawaru [*****.]
Gold:   512        SH: 23    Dex:  9    Spells: 18/18 levels left

rFire    + + +     SeeInvis .   a - +2 demon trident (elec)
rCold    + . .     Gourm    .   o - +0 large shield
rNeg     + + .     Faith    .   j - +6 plate armour of the Dice {god gift, -Cast rF+ rN++ Regen+}
rPois    .         Spirit   +   R - +0 hat of Cuumn {god gift, rF++ MR+ Dex-2 Slay+2}
rElec    .         Reflect  .   h - scarf {Spirit}
rCorr    .         Harm     .   e - +2 pair of gloves
MR       +++..     NoCast   +   b - +2 pair of boots {Stlth+} {god gift}
Stlth    ..........             A - amulet of the acrobat
HPRegen  0.84/turn              M - ring of protection from magic
MPRegen  0.20/turn              C - ring of protection from cold

@: lethally poisoned (-13 -> -15), acrobat, very slightly contaminated
A: retaliatory headbutt, horns 2
}: 2/15 runes: serpentine, barnacled
a: Heroism, Finesse, Renounce Religion


You were on level 3 of the Elven Halls.
You worshipped Okawaru.
Okawaru was extremely pleased with you.
You were not hungry.

You visited 8 branches of the dungeon, and saw 36 of its levels.
You also visited: Bailey, Gauntlet, Ice Cave and Wizlab.

You collected 4104 gold pieces.
You spent 3592 gold pieces at shops.


Innate Abilities, Weirdness & Mutations

You reflexively headbutt those who attack you in melee.
You have a pair of horns on your head.


   Skills:
 O Level 27 Fighting
 - Level 14.0 Polearms
 + Level 20.5 Armour
 - Level 2.2 Dodging
 * Level 18.7 Shields
 - Level 12.1 Invocations


You had 18 spell levels left.
You didn't know any spells.
Your spell library contained the following spells:

 Spells                   Type           Power        Failure   Level  Hunger
 Animate Skeleton         Necr           N/A          99%         1    ##.....
 Apportation              Tloc           #.....       99%         1    ##.....
 Confusing Touch          Hex            #.....       99%         1    ##.....
 Corona                   Hex            #......      99%         1    ##.....
 Flame Tongue             Conj/Fire      #....        99%         1    ##.....
 Freeze                   Ice            #...         99%         1    ##.....
 Magic Dart               Conj           #...         99%         1    ##.....
 Sandblast                Erth           #.....       99%         1    ##.....
 Summon Butterflies       Summ           #.......     99%         1    ##.....
 Summon Small Mammal      Summ           #...         99%         1    ##.....
 Blink                    Tloc           N/A          100%        2    ###....
 Call Imp                 Summ           #.......     100%        2    ###....
 Corpse Rot               Necr           N/A          100%        2    ###....
 Ensorcelled Hibernation  Hex/Ice        #.....       100%        2    ###....
 Passwall                 Tmut/Erth      #.......     100%        2    ###....
 Searing Ray              Conj           #.....       100%        2    ###....
 Slow                     Hex            #.......     100%        2    ###....
 Sublimation of Blood     Necr           #.........   100%        2    ###....
 Throw Frost              Conj/Ice       #.....       100%        2    ###....
 Call Canine Familiar     Summ           #.......     100%        3    ####...
 Confuse                  Hex            #.......     100%        3    ####...
 Conjure Flame            Conj/Fire      #.......     100%        3    ####...
 Dazzling Spray           Conj/Hex       #.....       100%        3    ####...
 Mephitic Cloud           Conj/Pois/Air  #.......     100%        3    ####...
 Ozocubu's Armour         Chrm/Ice       #.......     100%        3    ####...
 Stone Arrow              Conj/Erth      #.....       100%        3    ####...
 Summon Guardian Golem    Hex/Summ       #.......     100%        3    ####...
 Tukima's Dance           Hex            #.......     100%        3    ####...
 Force Lance              Conj/Tloc      #.......     100%        4    #####..
 Fulminant Prism          Conj/Hex       #.........   100%        4    #####..
 Iskenderun's Mystic Bla  Conj           #.......     100%        4    #####..
 Petrify                  Tmut/Erth      #.......     100%        4    #####..
 Summon Ice Beast         Ice/Summ       #.......     100%        4    #####..
 Summon Lightning Spire   Summ/Air       #.......     100%        4    #####..
 Throw Icicle             Conj/Ice       #.......     100%        4    #####..
 Agony                    Necr           #.......     100%        5    ######.
 Bolt of Draining         Conj/Necr      #.........   100%        5    ######.
 Dispel Undead            Necr           #.......     100%        5    ######.
 Excruciating Wounds      Chrm/Necr      #.........   100%        5    ######.
 Lee's Rapid Deconstruct  Erth           #.........   100%        5    ######.
 Summon Mana Viper        Hex/Summ       #.......     100%        5    ######.
 Summon Hydra             Summ           #.........   100%        7    #######

Inventory:

Hand Weapons
 a - a +2 demon trident of electrocution (weapon)
Missiles
 c - 2 throwing nets {=f}
 r - 31 javelins of returning (quivered)
Armour
 b - a +2 pair of boots of stealth (worn) {god gift}
 e - a +2 pair of gloves (worn)
 h - a scarf of spirit shield (worn)
 j - the +6 plate armour of the Dice (worn) {god gift, -Cast rF+ rN++ Regen+}
   (Okawaru gifted it to you on level 2 of the Lair of Beasts)

   It protects you from fire.
   It greatly protects you from negative energy.
   It prevents spellcasting.
   It increases your rate of regeneration.
 o - a +0 large shield (worn)
 R - the +0 hat of Cuumn (worn) {god gift, rF++ MR+ Dex-2 Slay+2}
   (Okawaru gifted it to you on level 5 of the Lair of Beasts)

   It affects your dexterity (-2).
   It affects your accuracy and damage with ranged weapons and melee attacks
   (+2).
   It greatly protects you from fire.
   It affects your resistance to hostile enchantments.
Jewellery
 y - an uncursed amulet of magic regeneration {unknown}
 A - an amulet of the acrobat (around neck)
 C - a ring of protection from cold (right hand)
 L - an uncursed ring of flight
 M - a ring of protection from magic (left hand)
Wands
 i - a wand of acid (19)
 p - a wand of paralysis (22)
 w - a wand of digging (7)
 z - a wand of enslavement (31)
 D - a wand of scattershot (5)
 E - a wand of iceblast (32)
 O - a wand of flame (18)
 Q - a wand of polymorph (10)
Scrolls
 g - 2 scrolls of identify {@r1}
 l - 15 scrolls of remove curse {@r2}
 m - a scroll of summoning
 n - 6 scrolls of magic mapping
 q - 6 scrolls of fog
 u - 9 scrolls of enchant armour
 x - a scroll of blinking
 H - a scroll of holy word {unknown}
 K - 15 scrolls of teleportation {@r4}
 N - 10 scrolls of enchant weapon
 X - 2 scrolls of silence {!r}
 Z - 8 scrolls of fear
Potions
 d - 5 potions of might
 s - 5 potions of haste {@q3}
 v - a potion of heal wounds {@q2}
 B - 3 potions of cancellation
 J - 2 potions of berserk rage {!q}
 P - 3 potions of flight
 S - a potion of invisibility
 V - 4 potions of agility
 Y - 9 potions of curing {@q1}
Books
 F - a manual of Fighting {!d}
Miscellaneous
 k - a phial of floods
 t - a lamp of fire
 G - a phantom mirror
 I - a lightning rod (4/4)
 T - 2 boxes of beasts
 U - a fan of gales (inert)
Comestibles
 f - 45 rations {@e1}
 W - 5 chunks of flesh

Dungeon Overview and Level Annotations

Branches:
Dungeon (15/15)            Temple (1/1) D:6            Lair (6/6) D:10
 Shoals (4/4) Lair:4        Snake (4/4) Lair:2        Slime (0/5) Lair:5
    Orc (2/2) D:11            Elf (3/3) Orc:2        Vaults (0/5) D:14
 Depths (1/5) D:15

Altars:
Ashenzari
Cheibriados
Dithmenos
Elyvilon
Fedhas
Gozag
Hepliaklqana
Kikubaaqudgha
Makhleb
Nemelex Xobeh
Okawaru
Qazlal
Ru
Sif Muna
Trog
Uskayaw
Vehumet
Wu Jian
Xom
Yredelemnul
Zin
The Shining One
Beogh

Shops:
D:7 *   D:9 (   Orc:1 :   Orc:2 =}[!   Shoals:1 (!(:   Shoals:3 *   Shoals:4 (
Snake:1 *}%   Snake:2 :[?

Portals:
Trove: Elf:3 (give 18 scrolls of identify)

Annotations:
Lair:2 exclusion: 2 oklob plants
Lair:5 exclusion: 4 oklob plants
Elf:1 3 runed translucent doors, Kojohuesch's ghost, veteran GrFi

▒.......▓▓▓.......▒
▒▒.....@.........▒▒
▒▒.............▒▒
▒.............▒
▒▒▒.........▒▒▒
▒▒.......▒▒
####▒▒▒▒▒▒.▒▒▒▒▒▒###
.........)..........
.......)............
........)...........
#..####)############
+..#....)........
#..#.............
#..#..#############
.....#
#..#..#...........#
.....#
#..#..#...........#
.....#
#..#..#...........#


You could see a Hell Sentinel.


Message History

The deep elf demonologist is almost dead.
You feel sick.
The deep elf death mage beckons forth a restless soul!
The orange demon barely misses you. You block the orange demon's attack.
You block the deep elf high priest's attack.
The deep elf demonologist casts a spell.
You completely miss the deep elf demonologist.
The deep elf demonologist is severely wounded.
You block the hellwing's attack. x2; The ice devil completely misses you.
You miss the deep elf demonologist.
The deep elf demonologist is severely wounded.
You feel sick. You block the orange demon's attack.
The orange demon closely misses you.
You block the deep elf demonologist's attack.
The Ice Fiend calls on the powers of darkness!
The deep elf demonologist convulses!
The deep elf death mage convulses!
Your body is wracked with pain!
* * * LOW HITPOINT WARNING * * *
The deep elf high priest convulses!
You block the deep elf high priest's attack.
You block the hellwing's attack. x2
The deep elf death mage beckons forth a restless soul!
You hit the hellwing but do no damage. You block the orange demon's attack. x2
You hit the hellwing but do no damage. Lightning courses through the hellwing!
The hellwing is heavily wounded.
The deep elf demonologist seems less brilliant.
The deep elf death mage seems less brilliant.
The deep elf demonologist hits you but does no damage.
You are more poisoned.
You block the hellwing's attack. The hellwing closely misses you.
The deep elf demonologist is empowered by the deep elf high priest's aura!
The deep elf death mage is empowered by the deep elf high priest's aura!
You block the deep elf high priest's attack.
You puncture the hellwing! You headbutt the hellwing.
The hellwing is almost dead.
You feel sick. You block the orange demon's attack.
The orange demon hits you but does no damage.
The Hell Sentinel gestures at you. The iron shot hits you!
* * * LOW HITPOINT WARNING * * *
You impale the hellwing!! Lightning courses through the hellwing!
You kill the hellwing!
You feel sick.
The deep elf demonologist casts a spell.
You block the deep elf high priest's attack.
You hit the Hell Sentinel. You headbutt the Hell Sentinel!
The Hell Sentinel is lightly wounded.
You feel sick. You block the orange demon's attack. x2
The Hell Sentinel gestures at you. You block the iron shot.
The deep elf demonologist hits you with a +2 demon blade of venom.
* * * LOW HITPOINT WARNING * * *
You are more poisoned.
You puncture the Hell Sentinel!
The Hell Sentinel is lightly wounded.
You block the deep elf high priest's attack.
You block the Hell Sentinel's attack.
The Hell Sentinel hits you but does no damage.
You block the orange demon's attack.
The orange demon hits you but does no damage.
The Hell Sentinel hits you but does no damage. x2
You hit the Hell Sentinel but do no damage.
You headbutt the Hell Sentinel, but do no damage.
The Hell Sentinel is lightly wounded.
You feel sick.
You block the deep elf demonologist's attack.
Your plate armour of the Dice prevents you from hitting the Hell Sentinel.
The Hell Sentinel is lightly wounded.
You feel sick.
The Hell Sentinel hits you but does no damage.
The Hell Sentinel hits you!
* * * LOW HITPOINT WARNING * * *
The deep elf high priest hits you but does no damage.
The orange demon stings you!
* * * LOW HITPOINT WARNING * * *
You block the orange demon's attack. You block the Hell Sentinel's attack.
The Hell Sentinel hits you but does no damage.
You are struck by the Hell Sentinel's spines.
* * * LOW MAGIC WARNING * * *;
* * * LOW HITPOINT WARNING * * *
You hit the Hell Sentinel but do no damage.
The Hell Sentinel is lightly wounded.
You feel sick. The Hell Sentinel hits you!
* * * LOW MAGIC WARNING * * *;
* * * LOW HITPOINT WARNING * * *
You block the Hell Sentinel's attack. You block the orange demon's attack.
The orange demon hits you but does no damage.
The Hell Sentinel hits you but does no damage.
The Hell Sentinel hits you!
* * * LOW MAGIC WARNING * * *;
* * * LOW HITPOINT WARNING * * *
The deep elf high priest closely misses you.
You furiously retaliate!
You headbutt the deep elf high priest!
Blink to where?
Press: ? - help, Dir - move target cursor You are very lightly contaminated with residual magic.
As you read the scroll of blinking, it crumbles to dust.
You feel sick.
You feel sick. The Hell Sentinel gestures at you.
The sphere of damnation explodes!
The damnation engulfs you!!!
* * * LOW MAGIC WARNING * * *
You die...

Skill      XL: |  1  2  3  4  5  6  7  8  9 10 11 12 13 14 15 16 17 18 19 |
---------------+----------------------------------------------------------+-----
Polearms       | 3 4 5 6 7 9 11 12 13 14 | 14.0
Shields        | 5 6 9 10 12 13 15 17 18 | 18.7
Fighting       | 5 6 9 11 13 15 17 20 23 25 26 27 | 27.0
Armour         | 5 6 9 10 12 13 14 16 17 18 19 20 | 20.5
Invocations    | 2 5 7 8 10 11 12 | 12.1
Dodging        | 2 |  2.2

Action                   |  1- 3 |  4- 6 |  7- 9 | 10-12 | 13-15 | 16-18 | 19-21 || total
-------------------------+-------+-------+-------+-------+-------+-------+-------++-------
Melee: Trident           |    80 |   174 |   468 |  1054 |  2133 |   681 |       ||  4590
       Headbutt          |    10 |    26 |    90 |   234 |   480 |   324 |    57 ||  1221
       Dagger            |       |       |   112 |       |       |       |       ||   112
       Demon trident     |       |       |       |       |       |  1247 |   373 ||  1620
 Fire: Hunting sling     |       |       |    48 |    37 |       |       |       ||    85
       Blowgun           |       |       |       |     4 |       |       |       ||     4
Throw: Tomahawk          |       |       |     8 |       |       |       |       ||     8
       Javelin           |       |       |       |       |     8 |    24 |     6 ||    38
Invok: Heroism           |       |       |       |     7 |     8 |    12 |     2 ||    29
       Finesse           |       |       |       |     2 |     6 |     5 |     2 ||    15
Evoke: Wand              |       |       |     8 |     4 |    13 |    11 |       ||    36
       Lamp of fire      |       |       |       |       |     1 |     4 |     1 ||     6
       Phial of floods   |       |       |       |       |     1 |     2 |     2 ||     5
       Box of beasts     |       |       |       |       |     1 |     1 |       ||     2
       Lightning rod     |       |       |       |       |       |     6 |     2 ||     8
       Fan of gales      |       |       |       |       |       |       |     2 ||     2
  Use: Scroll            |       |       |     7 |    10 |    10 |    21 |     1 ||    49
       Potion            |       |       |     2 |       |       |    12 |       ||    14
 Stab: Distracted        |       |       |       |       |     1 |       |       ||     1
       Invisible         |       |       |       |       |       |     2 |       ||     2
  Eat: Chunk             |     1 |     7 |     9 |    29 |    37 |    18 |     6 ||   107
       Ration            |       |       |     4 |     1 |     5 |    10 |     1 ||    21
Armor: Scale mail        |    23 |     3 |       |       |       |       |       ||    26
       Chain mail        |       |    53 |   105 |       |       |       |       ||   158
       Skin              |       |       |    10 |       |       |       |       ||    10
       Crystal plate arm |       |       |   148 |   214 |       |       |       ||   362
       Plate armour      |       |       |       |   125 |   555 |   549 |   122 ||  1351
Dodge: Dodged            |    14 |    18 |    62 |   140 |   320 |   376 |    62 ||   992
Block: Shield            |    31 |    64 |   230 |   419 |   797 |   337 |       ||  1878
       Large shield      |       |       |       |       |       |   948 |   333 ||  1281

Levels and vault maps discovered:
D:1:      dpeg_arrival_simpleton_c, layout_loops_ring
D:2:      layout_loops_corners, nemelex_xobeh_ov_fountains_minmay, uniq_jessica,
          uniq_robin
D:3:      layout_loops_ring, overflow_temple_1_default, gammafunk_ghost_grave,
          first_ration
D:4:      layout_cave_pools, chequers_serial_rivers_small_3,
          yredelemnul_altar_generic
D:5:      layout_rooms
D:6:      hangedman_cross_stitches, layout_cave_pools, temple_pool_b,
          ebering_ghost_sewer_f, minmay_fountain_box
D:7:      minmay_the_grid_octo_2x2 [minmay_the_grid_octo_clover,
          minmay_the_grid_octo_vomiting_pacman, minmay_the_grid_octo_concentric,
          minmay_the_grid_octo_prize_ultimate_mussel_roller], layout_basic,
          nicolae_ru_awakened_eye, nicolae_dithmenos_through_a_glass_darkly,
          enter_bailey_2, serial_shops, shop
D:8:      layout_basic, kennysheep_little_box, blue_anna_alchemist
          [blue_anna_fruit_fields, blue_anna_fruit_fields], uniq_erica
D:9:      hangedman_cross_veins, layout_long_grid, trog_ov_bears_minmay,
          serial_shops, nicolae_shop_stone, special_room [special_room_kobold],
          chequers_avenue, due_unseen_surprise
D:10:     layout_irregular_city, erik_lair_island
D:11:     layout_loops_ring, erik_orc_4
D:12:     kennysheep_big_flooded_room, layout_basic, gauntlet_entry_generic,
          serial_bayou, serial_bayou_pond_b, serial_bayou_shore_a,
          serial_bayou_pond_e, serial_bayou_lagoon_b, serial_bayou_pond_b,
          serial_bayou_pond_c, st_stairs_9, small_chamber_with_monster,
          uniq_psyche, uniq_sonja
D:13:     layout_long_grid, minivault_16, minivault_25, minmay_checkerbox,
          uniq_rupert
D:14:     layout_loops_ring, skrybe_vaults_entry_preservation,
          gammafunk_ghost_split, fedhas_altar_1, eino_house_with_fridge
D:15:     hangedman_depths_entry_try_elsewhere_first, layout_loops_cross,
          uniq_kirke, uniq_azrael, uniq_josephine
Temple:   eino_temple_rhombus
Lair:1:   layout_small_grid, minivault_26
Lair:2:   beast_lair_carwin_large_3, layout_cave_shapes, dummy_snake_entry,
          minmay_lair_oklob_chamber, uniq_fannar
Lair:3:   layout_cave_pods, infiniplex_staircase_pool_2
Lair:4:   layout_loops_ring, minmay_shoals_entry_beasts,
          portal_ice_cave_entry_ice_beasts
Lair:5:   layout_roguey, minmay_slime_entry_oklob_open
Lair:6:   wormcave, layout_misc_corridors, guppyfry_lair_end_dragon,
          st_stairs_12, kennysheep_abandoned_house
Shoals:1: layout_shoals, serial_shops, nicolae_shop_statue_plus, shop, shop,
          nicolae_shop_behind_doors
Shoals:2: layout_shoals
Shoals:3: layout_shoals, serial_shops, nicolae_shop_overgrown_old_shop,
          uniq_ilsuiw
Shoals:4: shoals_end_hangedman, layout_shoals, serial_shops,
          nicolae_shop_competitors_out_of_business
Snake:1:  layout_gridlike, serial_shops, shop, minmay_shoptagon
Snake:2:  layout_layer_cave, serial_shops,
          nicolae_shop_competitors_out_of_business, nicolae_shop_trees,
          shop_scrolls, uniq_aizul
Snake:3:  layout_chambers, basic_altar, st_stairs_10, nicolae_snake_double_loop,
          grunt_megastairs_4
Snake:4:  minmay_snake_end_coiled, layout_onion_interference, drop_trap,
          uniq_vashnia
Orc:1:    layout_diamond_mine, serial_shops, shop, nicolae_orc_pool_cavern,
          uniq_snorg
Orc:2:    pubby_orc_utopia
Elf:1:    layout_loops_corners, infiniplex_enter_wizlab_water,
          gammafunk_ghost_split, minmay_elf_sorcery, lemuel_flame_loot_1,
          uniq_nikola
Elf:2:    layout_onion_city, minivault_13
Elf:3:    nooodl_elf_gasket, layout_onion_city, serial_shops,
          nicolae_shop_overgrown_old_shop, nicolae_trove_entry_crystal
Depths:1: layout_honeycomb, serial_shops, shop, hell_entry,
          minmay_room_of_horrors, roderic_serpentine_path, st_stairs_12,
          chequers_serial_rivers_small_a, grunt_decor_resistance,
          kennysheep_generic_room_10

Notes
Turn   | Place    | Note
-------+----------+-------------------------------------------
     0 | D:1      | smash999 the Minotaur Fighter began the quest for the Orb.
     0 | D:1      | Reached XP level 1. HP: 19/19 MP: 0/0
    57 | D:1      | Reached skill level 3 in Polearms
   305 | D:1      | Reached XP level 2. HP: 26/26 MP: 1/1
   821 | D:2      | Found a sparkling altar of Nemelex Xobeh.
   828 | D:1      | Reached skill level 4 in Polearms
  1076 | D:2      | Reached XP level 3. HP: 31/31 MP: 2/2
  1139 | D:2      | Noticed Robin
  1163 | D:2      | Reached skill level 5 in Polearms
  1170 | D:2      | Killed Robin
  1170 | D:2      | Reached XP level 4. HP: 32/39 MP: 3/3
  1716 | D:2      | Reached skill level 6 in Polearms
  1854 | D:2      | Noticed Jessica
  1860 | D:2      | Killed Jessica
  1860 | D:2      | Reached XP level 5. HP: 45/45 MP: 4/4
  2166 | D:3      | Upgraded the game from 0.24-a0-274-gb3763e6d51 to
                  | 0.24-a0-275-g6f7e2cb4ba
  2178 | D:3      | Found an ancient bone altar of Kikubaaqudgha.
  2530 | D:3      | Found a runed translucent door.
  2530 | D:3      | Noticed EnegeticOcto's ghost (amateur HOBe)
  2603 | D:3      | Reached skill level 7 in Polearms
  2925 | D:4      | Noticed a phantom
  2936 | D:4      | Killed a phantom
  2936 | D:4      | Reached XP level 6. HP: 33/51 MP: 5/5
  3063 | D:4      | Reached skill level 8 in Polearms
  3212 | D:4      | Found a basalt altar of Yredelemnul.
  3420 | D:4      | Reached skill level 9 in Polearms
  3420 | D:4      | Reached XP level 7. HP: 39/57 MP: 6/6
  3776 | D:5      | Entered Level 5 of the Dungeon
  3920 | D:5      | Reached skill level 10 in Polearms
  4511 | D:6      | Found a staircase to the Ecumenical Temple.
  4701 | D:6      | Reached skill level 11 in Polearms
  4710 | Temple   | Entered the Ecumenical Temple
  4720 | Temple   | Reached XP level 8. HP: 21/64 MP: 7/7
  5283 | Temple   | Became a worshipper of Warmaster Okawaru
  5638 | D:6      | Found a runed translucent door.
  5640 | D:6      | Noticed temitten's ghost (novice NaWn)
  6030 | D:6      | Reached skill level 4 in Shields
  6135 | D:6      | Found a runed translucent door.
  6178 | D:7      | Found a flagged portal.
  6193 | Bailey   | Entered a bailey
  6501 | Bailey   | Reached skill level 4 in Fighting
  6501 | Bailey   | Reached skill level 4 in Armour
  6837 | Bailey   | Identified a +0 crystal plate armour
  7372 | Bailey   | Reached skill level 12 in Polearms
  7576 | Bailey   | Reached * piety under Okawaru
  8072 | Bailey   | Got a crude cloak
  8083 | Bailey   | Identified the +1 cloak of Cocytus {Str+2} (You found it in
                  | a bailey)
  8093 | Bailey   | Identified a +2 crystal plate armour (You found it in a
                  | bailey)
  8206 | D:7      | Found a sacrificial altar of Ru.
  8250 | D:7      | Reached skill level 5 in Shields
  8257 | D:7      | Reached skill level 5 in Fighting
  8257 | D:7      | Reached skill level 5 in Armour
  8290 | D:7      | Reached XP level 9. HP: 64/74 MP: 8/8
  8525 | D:7      | Noticed a troll
  8544 | D:7      | Killed a troll
  8569 | D:7      | Reached ** piety under Okawaru
  8593 | D:7      | Got a jewelled dagger
  8597 | D:7      | Identified the cursed +1 dagger of Viqapn {pierce, Dex+2}
                  | (You found it on level 7 of the Dungeon)
  8643 | D:7      | Reached skill level 13 in Polearms
  8802 | D:7      | Reached skill level 6 in Fighting
  8802 | D:7      | Reached skill level 6 in Armour
  8802 | D:7      | Reached skill level 6 in Shields
  8955 | D:7      | Killed an unseen horror
  8955 | D:7      | Reached *** piety under Okawaru
  9423 | D:7      | Found a shadowy altar of Dithmenos.
  9525 | D:7      | Found Estroghawk's General Store.
  9735 | D:8      | Reached XP level 10. HP: 84/84 MP: 9/9
 10017 | D:8      | Found a hazy altar of Hepliaklqana.
 10062 | D:8      | Reached skill level 7 in Armour
 10062 | D:8      | Reached skill level 7 in Shields
 10143 | D:8      | Reached skill level 7 in Fighting
 10338 | D:8      | Noticed Erica
 10357 | D:8      | Killed Erica
 10357 | D:8      | Reached **** piety under Okawaru
 10357 | D:8      | Reached skill level 14 in Polearms
 10821 | D:9      | Found Qohogoto's Weapon Shop.
 10831 | D:9      | Upgraded the game from 0.24-a0-275-g6f7e2cb4ba to
                  | 0.24-a0-279-ga7546fe674
 10831 | D:9      | Bought a +0 blowgun for 30 gold pieces
 10869 | D:9      | Reached skill level 8 in Fighting
 10869 | D:9      | Reached skill level 8 in Armour
 10869 | D:9      | Reached skill level 8 in Shields
 11853 | D:9      | Reached ***** piety under Okawaru
 11976 | D:9      | Reached skill level 9 in Armour
 11976 | D:9      | Reached skill level 9 in Shields
 12009 | D:9      | Noticed a four-headed hydra
 12016 | D:9      | Killed a four-headed hydra
 12016 | D:9      | Reached skill level 9 in Fighting
 12016 | D:9      | Reached XP level 11. HP: 81/97 MP: 10/10
 12026 | D:9      | Received a gift from Okawaru
 12353 | D:9      | Found a bloodstained altar of Trog.
 12621 | D:10     | Entered Level 10 of the Dungeon
 12788 | D:10     | Noticed a two-headed ogre
 12807 | D:10     | Killed a two-headed ogre
 12878 | D:10     | Reached skill level 10 in Fighting
 12878 | D:10     | Reached skill level 10 in Armour
 12878 | D:10     | Reached skill level 10 in Shields
 12945 | D:10     | Found a staircase to the Lair.
 14119 | D:11     | Received a gift from Okawaru
 14365 | D:11     | Found a staircase to the Orcish Mines.
 14683 | D:11     | Reached skill level 1 in Invocations
 14937 | Lair:1   | Entered Level 1 of the Lair of Beasts
 14968 | Lair:1   | Reached skill level 11 in Fighting
 15066 | Lair:1   | Reached skill level 2 in Invocations
 15285 | Lair:1   | Noticed a seven-headed hydra
 15293 | Lair:1   | Reached XP level 12. HP: 110/110 MP: 12/12
 15352 | Lair:1   | Killed a seven-headed hydra
 15352 | Lair:1   | Reached skill level 11 in Armour
 15352 | Lair:1   | Reached skill level 11 in Shields
 15604 | Lair:1   | Reached skill level 3 in Invocations
 16109 | Lair:2   | Found a staircase to the Snake Pit.
 16384 | Lair:2   | Reached skill level 12 in Fighting
 16604 | Lair:2   | Noticed Fannar
 16674 | Lair:2   | Killed Fannar
 16674 | Lair:2   | Reached skill level 4 in Invocations
 16676 | Lair:2   | Received a gift from Okawaru
 16680 | Lair:2   | Got a transparent plate armour {god gift}
 16691 | Lair:2   | Identified the +6 plate armour of the Dice {god gift, -Cast
                  | rF+ rN++ Regen+} (Okawaru gifted it to you on level 2 of
                  | the Lair of Beasts)
 16889 | Lair:2   | Noticed a six-headed hydra
 16898 | Lair:2   | Reached ****** piety under Okawaru
 16904 | Lair:2   | Killed a six-headed hydra
 17770 | Lair:3   | Reached skill level 13 in Fighting
 17830 | Lair:3   | Reached skill level 5 in Invocations
 18090 | Lair:3   | Reached skill level 12 in Armour
 18090 | Lair:3   | Reached skill level 12 in Shields
 19268 | Lair:4   | Noticed a five-headed hydra
 19291 | Lair:4   | Killed a five-headed hydra
 19291 | Lair:4   | Reached XP level 13. HP: 53/122 MP: 14/16
 19368 | Lair:4   | Found a staircase to the Shoals.
 19575 | Lair:4   | Found a frozen archway.
 19835 | IceCv    | Entered an ice cave
 20045 | IceCv    | Reached skill level 14 in Fighting
 20504 | IceCv    | Reached skill level 6 in Invocations
 22318 | Lair:5   | Received a gift from Okawaru
 22325 | Lair:5   | Got a transparent hat {god gift}
 22334 | Lair:5   | Identified the +0 hat of Cuumn {god gift, rF++ MR+ Dex-2
                  | Slay+2} (Okawaru gifted it to you on level 5 of the Lair of
                  | Beasts)
 22451 | Lair:5   | Found a staircase to the Slime Pits.
 22987 | Lair:6   | Entered Level 6 of the Lair of Beasts
 23423 | Lair:6   | Reached skill level 13 in Armour
 23572 | Lair:6   | Reached skill level 13 in Shields
 23641 | Lair:6   | Reached skill level 15 in Fighting
 23653 | Lair:6   | Reached skill level 7 in Invocations
 23827 | Lair:6   | Noticed a fire dragon
 23847 | Lair:6   | Killed a fire dragon
 24149 | Lair:6   | Found a runed translucent door.
 24169 | Lair:6   | Paralysed by a hornet for 3 turns
 24185 | Lair:6   | Paralysed by a hornet for 3 turns
 24270 | Lair:6   | Reached XP level 14. HP: 52/135 MP: 18/18
 25278 | Lair:6   | Upgraded the game from 0.24-a0-279-ga7546fe674 to
                  | 0.24-a0-282-g1a68c911f0
 25600 | D:12     | Found a gate leading to a gauntlet.
 25621 | D:12     | Received a gift from Okawaru
 25622 | D:12     | Found the +9 heavy crossbow "Sniper" {god gift, velocity,
                  | Acc+∞ SInv}
 25654 | Gauntlet | Entered a Gauntlet
 25654 | Gauntlet | Found a transporter.
 25675 | Gauntlet | Found a transporter.
 25690 | Gauntlet | Found a transporter.
 25698 | Gauntlet | Found a transporter.
 25713 | Gauntlet | Found a transporter.
 25732 | Gauntlet | Found a transporter.
 25744 | Gauntlet | Found a transporter.
 25756 | Gauntlet | Found a transporter.
 25768 | Gauntlet | Found a transporter.
 25779 | Gauntlet | Identified the ring of Lidem {rElec rF+ rC+ MP+9 Int+4}
 25780 | Gauntlet | Found a transporter.
 25797 | Gauntlet | Found a transporter.
 25814 | Gauntlet | Found a transporter.
 25816 | Gauntlet | Found a transporter.
 25847 | Gauntlet | Found a transporter.
 25849 | Gauntlet | Found a transporter.
 25973 | Gauntlet | Found a transporter.
 25975 | Gauntlet | Found a transporter.
 26023 | Gauntlet | Found a transporter.
 26264 | Gauntlet | Got a transparent wooden ring
 26266 | Gauntlet | Identified the ring of Hyimp {*Corrode +Fly Int+5 Dex+4}
                  | (You found it in a Gauntlet)
 26307 | Gauntlet | Identified the +9 whip "Starlight" {antimagic, Int+2}
 26847 | D:12     | Noticed Sonja
 27078 | D:12     | Killed Sonja
 27078 | D:12     | Reached skill level 8 in Invocations
 27339 | D:12     | Reached skill level 16 in Fighting
 27686 | D:12     | Noticed Psyche
 27695 | D:12     | Killed Psyche
 28131 | D:13     | Reached skill level 14 in Shields
 28223 | D:13     | Noticed Rupert
 28343 | D:13     | Received a gift from Okawaru
 28349 | D:13     | Got a crystal trident {god gift}
 28350 | D:13     | Identified the +3 trident of Vatecu {god gift, elec, Str+5}
                  | (Okawaru gifted it to you on level 13 of the Dungeon)
 28373 | D:13     | Killed Rupert
 28516 | D:13     | Reached skill level 14 in Armour
 29208 | D:14     | Received a gift from Okawaru
 29392 | D:14     | Reached skill level 15 in Shields
 29427 | D:14     | Found a blossoming altar of Fedhas.
 29454 | D:14     | Reached skill level 17 in Fighting
 29791 | D:14     | Noticed Ciral's ghost (journeyman GrBe)
 29792 | D:14     | Noticed a tengu reaver
 29794 | D:14     | Found a runed translucent gate.
 29794 | D:14     | Found a runed translucent gate.
 29794 | D:14     | Found a runed translucent gate.
 29816 | D:14     | Noticed an ironheart preserver
 29833 | D:14     | Killed an ironheart preserver
 29852 | D:14     | Reached XP level 15. HP: 140/147 MP: 20/20
 29864 | D:14     | Found a gate to the Vaults.
 30149 | D:14     | Killed a tengu reaver
 30156 | D:14     | Reached skill level 18 in Fighting
 30192 | D:14     | Killed Ciral's ghost
 30192 | D:14     | Reached skill level 15 in Armour
 30750 | D:3      | Killed EnegeticOcto's ghost
 30832 | D:6      | Killed temitten's ghost
 31066 | D:15     | Entered Level 15 of the Dungeon
 31070 | D:15     | Noticed Josephine
 31079 | D:15     | Killed Josephine
 31195 | D:15     | Noticed Azrael
 31213 | D:15     | Killed Azrael
 31354 | D:15     | Noticed Kirke
 31382 | D:15     | Killed Kirke
 31382 | D:15     | Reached skill level 19 in Fighting
 31488 | D:15     | Found a staircase to the Depths.
 31493 | D:15     | Received a gift from Okawaru
 31932 | Depths:1 | Entered Level 1 of the Depths
 32048 | Orc:1    | Entered Level 1 of the Orcish Mines
 32087 | Orc:1    | Noticed Snorg
 32095 | Orc:1    | Killed Snorg
 32605 | Orc:2    | Entered Level 2 of the Orcish Mines
 32674 | Orc:2    | Reached skill level 16 in Armour
 32963 | Orc:2    | Found a roughly hewn altar of Beogh.
 33031 | Orc:2    | Identified a +2 robe of the Archmagi
 33202 | Orc:2    | Found Fyoz Lavye's Distillery.
 33206 | Orc:2    | Bought a potion of heal wounds for 75 gold pieces
 33206 | Orc:2    | Bought a potion of heal wounds for 75 gold pieces
 33206 | Orc:2    | Bought a potion of agility for 60 gold pieces
 33206 | Orc:2    | Bought a potion of cancellation for 120 gold pieces
 33212 | Orc:2    | Found Fidecalu's Antique Armour Shop.
 33225 | Orc:2    | Reached skill level 20 in Fighting
 33230 | Orc:2    | Bought a runed scarf for 256 gold pieces
 33570 | Orc:2    | Noticed an orc warlord
 33573 | Orc:2    | Found a roughly hewn altar of Beogh.
 33599 | Orc:2    | Killed an orc warlord
 33913 | Orc:2    | Found Woepel's Gadget Shoppe.
 33930 | Orc:2    | Bought a lightning rod (4/4) for 560 gold pieces
 33930 | Orc:2    | Bought a box of beasts for 280 gold pieces
 33954 | Orc:2    | Found Enaonuk's Jewellery Boutique.
 34183 | Orc:2    | Upgraded the game from 0.24-a0-282-g1a68c911f0 to
                  | 0.24-a0-284-g9fb9971df1
 34383 | Orc:2    | Found a staircase to the Elven Halls.
 34672 | Orc:1    | Found Emipp's Book Shoppe.
 35231 | Snake:1  | Entered Level 1 of the Snake Pit
 35554 | Snake:1  | Reached XP level 16. HP: 82/165 MP: 11/21
 35905 | Snake:1  | You fall through a shaft!
 36285 | Snake:2  | Noticed Aizul
 36298 | Snake:2  | Killed Aizul
 36298 | Snake:2  | Received a gift from Okawaru
 36298 | Snake:2  | Reached skill level 21 in Fighting
 36298 | Snake:2  | Reached skill level 17 in Armour
 36371 | Snake:2  | Got a pair of scorched boots {god gift}
 36449 | Snake:2  | Found Rihoh's Antique Armour Shoppe.
 36519 | Snake:2  | Identified the +0 pair of boots of Liberty {god gift, *Slow
                  | rC+++ Slay+3} (Okawaru gifted it to you on level 2 of the
                  | Snake Pit)
 36583 | Snake:2  | Bought a pair of glowing gloves for 247 gold pieces
 36607 | Snake:2  | Found Elyerol's Book Shop.
 36848 | Snake:2  | Found Xostruimn's Magic Scroll Emporium.
 36851 | Snake:2  | Bought a scroll of teleportation for 48 gold pieces
 36851 | Snake:2  | Bought a scroll of teleportation for 48 gold pieces
 36851 | Snake:2  | Bought 2 scrolls of identify for 64 gold pieces
 36851 | Snake:2  | Bought a scroll of identify for 32 gold pieces
 36851 | Snake:2  | Bought a scroll of identify for 32 gold pieces
 36851 | Snake:2  | Bought a scroll of blinking for 120 gold pieces
 37574 | Snake:1  | Found Xishro Bojad's General Store.
 37674 | Snake:1  | Found Okuuk's Food Shoppe.
 37709 | Snake:1  | Found Laoffuaq's Gadget Shop.
 37776 | Snake:1  | Reached skill level 9 in Invocations
 38129 | Snake:3  | Reached skill level 22 in Fighting
 38497 | Snake:3  | Found an opulent altar of Gozag.
 40559 | Snake:4  | Entered Level 4 of the Snake Pit
 40559 | Snake:4  | Noticed Vashnia
 40613 | Snake:3  | Reached skill level 23 in Fighting
 40962 | Snake:4  | Reached skill level 10 in Invocations
 40964 | Snake:4  | Received a gift from Okawaru
 41791 | Snake:4  | Reached XP level 17. HP: 180/180 MP: 23/23
 41838 | Snake:4  | Reached skill level 1 in Dodging
 41946 | Snake:4  | Killed Vashnia
 41946 | Snake:4  | Reached skill level 18 in Armour
 41950 | Snake:4  | Received a gift from Okawaru
 41950 | Snake:4  | Reached skill level 2 in Dodging
 41960 | Snake:4  | Got a brightly glowing trident {god gift}
 41961 | Snake:4  | Identified the +4 trident of the Endless Souls {god gift,
                  | speed, MR+ Dex+2 Stlth+} (Okawaru gifted it to you on level
                  | 4 of the Snake Pit)
 42440 | Snake:4  | Reached skill level 24 in Fighting
 42580 | Snake:4  | Received a gift from Okawaru
 43492 | Snake:4  | Reached skill level 11 in Invocations
 43962 | Snake:4  | Got a shimmering plate armour
 43973 | Snake:4  | Identified the cursed +0 plate armour of Prudence {+Blink
                  | rF++ MR- Stlth+} (You found it on level 4 of the Snake Pit)
 44047 | Snake:4  | Got a serpentine rune of Zot
 44147 | Snake:4  | Identified a +2 crystal plate armour {god gift} (Okawaru
                  | gifted it to you on level 4 of the Snake Pit)
 44412 | Shoals:1 | Entered Level 1 of the Shoals
 44420 | Shoals:1 | Found Deopigh's Book Boutique.
 44663 | Snake:2  | Bought a manual of Fighting for 1545 gold pieces
 45260 | Shoals:1 | Found Neekhyle's Weapon Shop.
 45272 | Shoals:1 | Found Wokh's Distillery.
 45335 | Shoals:1 | Found Iczok's Weapon Boutique.
 45777 | Shoals:2 | Reached skill level 25 in Fighting
 45814 | Shoals:2 | Received a gift from Okawaru
 46408 | Shoals:3 | Noticed Ilsuiw
 46412 | Shoals:3 | Found Sueheuff's Assorted Antiques.
 46500 | Shoals:3 | Reached XP level 18. HP: 99/194 MP: 7/25
 46530 | Shoals:3 | Killed Ilsuiw
 46997 | Shoals:3 | Reached skill level 16 in Shields
 47439 | Shoals:4 | Entered Level 4 of the Shoals
 47439 | Shoals:4 | Found Buris's Weapon Boutique.
 47679 | Shoals:4 | Identified the +10 glaive "Dets" {venom, *Contam rElec rF+}
 47876 | Shoals:4 | Reached skill level 19 in Armour
 47907 | Shoals:4 | Got a barnacled rune of Zot
 48180 | Shoals:4 | Reached skill level 12 in Invocations
 49016 | Elf:1    | Entered Level 1 of the Elven Halls
 49027 | Elf:1    | Got a warped amber ring
 49029 | Elf:1    | Identified the ring "Qucriusk" {rPois Str+2 Dex+6 Stlth+}
                  | (You found it on level 1 of the Elven Halls)
 49051 | Elf:1    | Found a magical portal.
 49065 | Elf:1    | Received a gift from Okawaru
 49101 | Elf:1    | Identified a +0 crystal plate armour {god gift} (Okawaru
                  | gifted it to you on level 1 of the Elven Halls)
 49147 | WizLab   | Entered Doroklohe's Tomb
 49395 | WizLab   | Identified a cursed -1 robe of resistance
 49395 | WizLab   | Noticed a greater mummy
 49422 | WizLab   | HP: 19/196 [greater mummy/divine providence (11)]
 49422 | WizLab   | HP: 5/196 [death scarab[a greater mummy] (8)]
 49614 | Elf:1    | Noticed Kojohuesch's ghost (veteran GrFi)
 49621 | Elf:1    | Found a runed translucent gate.
 49621 | Elf:1    | Found a runed translucent gate.
 49623 | Elf:1    | Found a runed translucent gate.
 49632 | Elf:1    | Noticed Nikola
 49660 | Elf:1    | Killed Nikola
 49660 | Elf:1    | Reached skill level 26 in Fighting
 49898 | Elf:1    | Reached skill level 17 in Shields
 50384 | Elf:1    | Identified Wibriwok's Catalogue of Conjuration
 51165 | Elf:2    | Received a gift from Okawaru
 51177 | Elf:2    | Reached XP level 19. HP: 206/206 MP: 27/27
 51394 | Elf:1    | Reached skill level 27 in Fighting
 51485 | Elf:2    | Found a runed translucent door.
 51839 | Elf:2    | Found a huge runed translucent gate.
 51840 | Elf:2    | Found a huge runed translucent gate.
 51840 | Elf:2    | Found a huge runed translucent gate.
 51843 | Elf:2    | Found a huge runed translucent gate.
 51843 | Elf:2    | Found a huge runed translucent gate.
 52518 | Elf:2    | Reached skill level 20 in Armour
 52559 | Elf:2    | Reached skill level 18 in Shields
 53211 | Elf:3    | Entered Level 3 of the Elven Halls
 53319 | Elf:3    | Found a portal to a secret trove of treasure.
 53964 | Elf:3    | Killed from afar by a Hell Sentinel

Vanquished Creatures
  Vashnia (Snake:4)
  Nikola (Elf:1)
  A deep elf master archer (Elf:3)
  Rupert (D:13)
  A deep elf blademaster (Elf:2)
  A tengu reaver (D:14)
  Kirke (D:15)
  Ilsuiw (Shoals:3)
  8 nagarajas
  3 deep elf sorcerers
  A caustic shrike zombie (WizLab)
  Aizul (Snake:2)
  An orc warlord (Orc:2)
  An ironheart preserver (D:14)
  The ghost of Ciral the Bludgeoner, a journeyman GrBe of Trog (D:14)
  Azrael (D:15)
  4 deep elf demonologists
  A minotaur (Gauntlet)
  3 deep elf annihilators
  3 deep elf death magi
  Snorg (Orc:1)
  3 merfolk javelineers (Shoals:4)
  4 merfolk impalers
  A fire dragon (Lair:6)
  Josephine (D:15)
  A deep elf high priest (Elf:3)
  An ice dragon (Lair:6)
  Fannar (Lair:2)
  6 hydras
  19 naga warriors
  Erica (D:8)
  4 centaur warriors
  2 merfolk avatars
  An alligator snapping turtle (Shoals:4)
  3 satyrs
  4 two-headed ogres
  5 merfolk aquamancers
  10 anacondas
  21 dancing weapons
  A titan zombie (WizLab)
  A tengu warrior (D:14)
  A thrashing horror (Gauntlet)
  13 naga sharpshooters
  6 shock serpents
  5 orc high priests
  Sonja (D:12)
  21 deep elf knights
  A sixfirhy (Gauntlet)
  A salamander mystic (Snake:3)
  12 sea snakes
  5 naga ritualists
  A swamp dragon (Lair:6)
  2 unseen horrors
  The ghost of temitten the Covert, a novice NaWn (D:6)
  7 orc knights
  21 harpies
  A wizard (D:14)
  12 deep elf archers
  3 necromancers
  3 lindwurms (Lair:6)
  44 deep elf magi
  7 ugly things
  A wolf spider (D:15)
  9 cyclopes
  12 mana vipers
  4 orc sorcerers (Orc:2)
  10 salamanders
  11 manticores
  7 fauns
  35 black mambas
  7 merfolk sirens
  3 guardian serpents
  4 torpor snails (Lair:6)
  An ice statue (IceCv)
  A gargoyle (D:12)
  17 spiny frogs
  15 naga magi
  Psyche (D:12)
  7 water nymphs
  A minotaur zombie (Gauntlet)
  2 yaktaurs (shapeshifter)
  6 rime drakes
  A kobold demonologist (D:9)
  7 freezing wraiths (IceCv)
  10 komodo dragons
  18 merfolk
  The ghost of EnegeticOcto the Chopper, an amateur HOBe of Trog (D:3)
  5 wind drakes
  A polar bear (Lair:5)
  9 trolls
  3 tyrant leeches (Lair:6)
  5 snapping turtles
  6 blink frogs (Lair:6)
  A wolf spider simulacrum (IceCv)
  7 hornets (Lair:6)
  A meliai (shapeshifter) (D:15)
  10 slime creatures (D:15)
  13 hippogriffs
  A raiju (shapeshifter) (D:15)
  11 dream sheep
  2 shadows (D:12)
  3 air elementals
  5 wyverns
  A human (shapeshifter) (D:9)
  2 vampires
  18 water elementals
  5 fire elementals
  4 wraiths (D:15)
  7 basilisks
  4 hogs (D:15)
  35 yaks
  7 vampire mosquitoes
  3 steam dragons (Lair:6)
  3 hungry ghosts
  66 nagas
  2 acid dragons (D:12)
  6 wargs
  11 water moccasins
  8 porcupines
  A hell hound (D:15)
  44 orc warriors
  18 ice beasts
  A sky beast (D:9)
  4 black bears
  An eye of draining (D:10)
  17 ogres
  A necrophage (D:9)
  4 phantoms
  20 wolves
  21 centaurs
  14 crocodiles
  8 big kobolds
  5 bullfrogs
  3 wyvern zombies
  4 earth elementals
  4 small abominations (Gauntlet)
  7 scorpions
  22 killer bees
  2 wights
  10 electric eels
  2 howler monkeys
  8 crimson imps
  5 draconian simulacra (IceCv)
  2 quasits
  4 bullfrog skeletons
  25 orc priests
  3 centaur skeletons
  12 hounds
  4 jellies
  14 orc wizards
  Jessica (D:2)
  16 iguanas
  10 hell rats
  14 worker ants
  3 polar bear simulacra
  A spriggan simulacrum (IceCv)
  A troll simulacrum (IceCv)
  4 wolf simulacra
  3 yak simulacra (D:14)
  A sky beast zombie (WizLab)
  A centaur simulacrum (IceCv)
  A hound zombie (D:7)
  3 hound skeletons
  Robin (D:2)
  A worker ant zombie (D:6)
  8 gnolls
  10 river rats
  20 adders
  2 naga simulacra (IceCv)
  An ogre simulacrum (IceCv)
  4 shadow imps
  5 white imps (IceCv)
  4 ufetubi (Gauntlet)
  2 oozes
  2 adder skeletons (D:6)
  An adder zombie (D:7)
  3 worms
  2 dart slugs (D:1)
  5 leopard geckos
  111 orcs
  9 giant cockroaches
  11 goblins
  7 hobgoblins
  15 jackals
  4 quokkas
  2 ball pythons
  8 bats
  A frilled lizard (D:2)
  A jackal skeleton (D:5)
  13 kobolds
  A quokka zombie (D:6)
  14 rats
  4 river rat simulacra (D:14)
  4 fungi
  3 plants
1379 creatures vanquished.

Vanquished Creatures (collateral kills)
  A naga sharpshooter (Snake:4)
  A naga ritualist (Snake:4)
  A naga (Snake:4)
  An orc priest (Orc:2)
4 creatures vanquished.

Vanquished Creatures (others)
  A water elemental (Elf:2)
  A demonic plant (Gauntlet)
  5 fungi
  10 plants
  2 withered plants (D:3)
19 creatures vanquished.

Grand Total: 1402 creatures vanquished

Table legend:
 A = Turns spent in this place as a percentage of turns spent in the entire game.
 B = Non-inter-level travel turns spent in this place as a percentage of non-inter-level travel turns spent in the entire game.
 C = Inter-level travel turns spent in this place as a percentage of turns spent in this place.
 D = Turns resting spent in this place as a percentage of non-inter-level travel turns spent in this place.
 E = Turns spent auto-exploring this place as a percentage of non-inter-level travel turns spent in this place.
 F = Non-inter-level travel turns spent in this place divided by the number of levels of this place that you've seen.
                   A       B       C       D       E      F
               +-------+-------+-------+-------+-------+----------------------
         Total | 100.0 | 100.0 |   6.3 |  19.5 |  53.4 | 1264.8
       Dungeon |  34.3 |  33.6 |   8.0 |  13.3 |  61.3 | 1134.7
        Temple |   1.3 |   1.3 |   4.2 |  64.0 |  17.4 | 667.0
          Lair |  17.9 |  17.6 |   7.6 |   9.1 |  69.3 | 1484.0
        Shoals |   7.6 |   7.7 |   5.1 |  10.0 |  58.7 | 972.0
     Snake Pit |  16.8 |  16.9 |   5.5 |  32.0 |  43.5 | 2138.5
  Orcish Mines |   5.5 |   5.2 |  10.5 |  10.2 |  57.2 | 1323.5
   Elven Halls |   8.6 |   8.9 |   2.6 |  20.9 |  47.4 | 1506.0
        Depths |   0.0 |   0.0 |   0.0 |   0.0 |   0.0 |   2.0
        Bailey |   3.7 |   3.9 |   0.0 |  70.9 |  11.8 | 1990.0
      Ice Cave |   2.5 |   2.7 |   0.0 |  45.1 |  24.0 | 1348.0
        Wizlab |   0.6 |   0.6 |   0.0 |   0.0 |   1.9 | 310.0
      Gauntlet |   1.4 |   1.5 |   0.0 |   0.0 |   6.1 | 741.0
               +-------+-------+-------+-------+-------+----------------------

Table legend:
 A = Non-vault XP
 B = Vault XP
 C = Vault XP percentage of total XP
 D = Non-vault monster count
 E = Vault monster count
 F = Vault count percentage of total count
                 A         B        C        D         E       F
            +---------+---------+-------+---------+---------+-------
      Total |  225587 |  207973 |  48.0 |     755 |     621 |  45.1
            +---------+---------+-------+---------+---------+-------
        D:1 |      39 |       0 |   0.0 |      14 |       0 |   0.0
        D:2 |      96 |      73 |  43.2 |      25 |      12 |  32.4
        D:3 |      90 |     311 |  77.6 |      17 |       1 |   5.6
        D:4 |     515 |       0 |   0.0 |      23 |       0 |   0.0
        D:5 |     313 |       0 |   0.0 |      13 |       0 |   0.0
        D:6 |     387 |     912 |  70.2 |      16 |      12 |  42.9
        D:7 |     478 |    2270 |  82.6 |      16 |      23 |  59.0
        D:8 |    1850 |    1053 |  36.3 |      21 |       2 |   8.7
        D:9 |    1725 |    3591 |  67.6 |      24 |      26 |  52.0
       D:10 |    2396 |     850 |  26.2 |      21 |       7 |  25.0
       D:11 |    1989 |     441 |  18.1 |      17 |      14 |  45.2
       D:12 |    2590 |    4534 |  63.6 |      24 |      13 |  35.1
       D:13 |    6992 |    3974 |  36.2 |      35 |       5 |  12.5
       D:14 |   10351 |    8827 |  46.0 |      33 |      27 |  45.0
       D:15 |    4570 |    8411 |  64.8 |      16 |      19 |  54.3
     Temple |       0 |     159 | 100.0 |       0 |       5 | 100.0
     Lair:1 |    5910 |       0 |   0.0 |      20 |       0 |   0.0
     Lair:2 |    4283 |    3332 |  43.8 |      16 |      12 |  42.9
     Lair:3 |    4449 |       0 |   0.0 |      28 |       0 |   0.0
     Lair:4 |    5395 |    1807 |  25.1 |      19 |      10 |  34.5
     Lair:5 |    2207 |       0 |   0.0 |      12 |       0 |   0.0
     Lair:6 |    5323 |   12021 |  69.3 |      20 |      55 |  73.3
   Shoals:1 |   10676 |       0 |   0.0 |      23 |       0 |   0.0
   Shoals:2 |   12937 |       0 |   0.0 |      24 |       0 |   0.0
   Shoals:3 |    9281 |    3428 |  27.0 |      23 |       5 |  17.9
   Shoals:4 |   11058 |   20049 |  64.5 |      22 |      33 |  60.0
    Snake:1 |    9572 |     511 |   5.1 |      20 |       1 |   4.8
    Snake:2 |   15284 |    2509 |  14.1 |      27 |       2 |   6.9
    Snake:3 |   17471 |    6040 |  25.7 |      35 |      15 |  30.0
    Snake:4 |   32388 |   32192 |  49.8 |      58 |      47 |  44.8
      Orc:1 |    1994 |    1427 |  41.7 |      21 |      11 |  34.4
      Orc:2 |       0 |   21296 | 100.0 |       0 |     131 | 100.0
      Elf:1 |   19090 |   10828 |  36.2 |      33 |      11 |  25.0
      Elf:2 |   20514 |   29462 |  59.0 |      34 |      37 |  52.1
      Elf:3 |    3374 |   15034 |  81.7 |       5 |      11 |  68.8
     Bailey |       0 |     721 | 100.0 |       0 |      20 | 100.0
      IceCv |       0 |    4641 | 100.0 |       0 |      35 | 100.0
     WizLab |       0 |    2672 | 100.0 |       0 |       3 | 100.0
   Gauntlet |       0 |    4597 | 100.0 |       0 |      16 | 100.0
            +---------+---------+-------+---------+---------+-------
